 Dungeon Crawl Stone Soup version 0.26-a0-812-g31a745ddcd (webtiles) character file.

Game seed: 16204852149049208165

20 Lanoc the Gusty (level 2, -10/19 HPs)
             Began as a Demonspawn Air Elementalist on Dec 1, 2020.
             Mangled by an ogre
             ... wielding a +0 giant club
              (29 damage)
             ... on level 3 of the Dungeon.
             The game lasted 00:01:12 (899 turns).

Lanoc the Gusty (Demonspawn Air Elementalist)        Turns: 899, Time: 00:01:13

Health: -10/19     AC:  2    Str:  8    XL:     2   Next: 58%
Magic:  0/5        EV: 12    Int: 16    God:
Gold:   10         SH:  0    Dex: 13    Spells: 4/5 levels left

rFire    . . .     SeeInvis .   b - +0 dagger (venom)
rCold    . . .     Faith    .   (no shield)
rNeg     . . .     Spirit   .   a - +0 robe
rPois    .         Reflect  .   (no helmet)
rElec    .         Harm     .   (no cloak)
rCorr    .         Rampage  .   (no gloves)
MR       .....                  (no boots)
Stlth    ++........             (no amulet)
HPRegen  0.06/turn              (no ring)
MPRegen  0.09/turn              (no ring)

@: very slightly contaminated
A: powered by pain 1
a: no special abilities


You were on level 3 of the Dungeon.
You visited 1 branch of the dungeon, and saw 3 of its levels.

You collected 10 gold pieces.

Inventory:

Hand Weapons
 b - a +0 dagger of venom (weapon)
Armour
 a - a +0 robe (worn)
Scrolls
 c - a scroll of identify {unknown}
 d - a scroll of enchant weapon {unknown}
 e - a scroll of teleportation {unknown}
 f - a scroll of remove curse {unknown}
 g - a scroll of fear {unknown}


   Skills:
 + Level 2.1 Dodging
 - Level 1.7 Stealth
 - Level 2.0 Spellcasting
 + Level 1.4 Conjurations
 * Level 3.2 Air Magic


You had 4 spell levels left.
You knew the following spells:

 Your Spells              Type           Power        Failure   Level
a - Shock                 Conj/Air       #...         8%          1

Your spell library contained the following spells:

 Spells                   Type           Power        Failure   Level
 Swiftness                Air            ##......     9%          2
 Static Discharge         Conj/Air       #.......     24%         3
 Airstrike                Air            ##........   50%         4
 Lightning Bolt           Conj/Air       #.........   91%         5


Dungeon Overview and Level Annotations

Branches:
Dungeon (3/15)

Altars:
Okawaru


Innate Abilities, Weirdness & Mutations

You sometimes gain a little power by taking damage.


Message History

Confirm with . or Enter, or press ? or * to list all spells.
Aiming: Shock (safe; 8% risk of failure)
Press: ? - help, Shift-Dir - straight line, f/p - ogre
Aim: an ogre, wielding a +0 giant club (moderately wounded)
The zap misses the ogre.
Casting: Shock (safe; 8% risk of failure)
Confirm with . or Enter, or press ? or * to list all spells.
Aiming: Shock (safe; 8% risk of failure)
Press: ? - help, Shift-Dir - straight line, f/p - ogre
Aim: an ogre, wielding a +0 giant club (moderately wounded)
The zap hits the ogre.
The ogre is heavily wounded.
You hit the ogre but do no damage.
The ogre is poisoned.
The ogre is heavily wounded.
The ogre closely misses you.
You hit the ogre.
The ogre looks as sick as possible!
The ogre is heavily wounded.
The ogre hits you with a +0 giant club!!
Ouch! That really hurt!
You die...

♣.♣ #..........#
♣)♣ #.#.....##.#
#.. ♣.♣ #.#.....# .
.. . ♣.♣♣ ##....###
.. .. ♣♣.♣♣ ####.#
#.#_#. ♣♣.♣ #.#
#...#.. ♣.♣♣ #.#
....... ♣.♣♣
#.#######.....##
♣..♣
####.@O.....<<.....
♣♣.♣
#....#######.....#.
♣♣♣ ♣.♣ ######
.....# ♣♣.♣♣♣♣.♣
##.### ....♣...♣ .#
..♣.)...♣ #
.♣♣♣...♣♣ .♣ ♣.♣♣♣
♣♣ ♣.♣


You could see an ogre (extremely poisoned).

Vanquished Creatures
  A worm (D:3)
  2 leopard geckos (D:3)
  2 orcs (D:3)
  2 goblins (D:1)
  A hobgoblin (D:3)
  A frilled lizard (D:1)
  2 kobolds
  2 rats (D:1)
13 creatures vanquished.

Notes
Turn   | Place    | Note
-------+----------+-------------------------------------------
     0 | D:1      | Lanoc the Demonspawn Air Elementalist began the quest for
                  | the Orb.
     0 | D:1      | Reached XP level 1. HP: 13/13 MP: 3/3
   517 | D:3      | Reached skill level 3 in Air Magic
   534 | D:3      | Gained mutation: You sometimes gain a little power by
                  | taking damage. [demonic ancestry]
   534 | D:3      | Reached XP level 2. HP: 13/19 MP: 0/5
   882 | D:3      | Found an iron altar of Okawaru.
   883 | D:3      | Noticed an ogre
   899 | D:3      | Mangled by an ogre

Illustrated notes

Levels and vault maps discovered:
D:1:      wheals_arrival_shading, layout_loops_corners
D:2:      layout_basic, old_standard_altar, uniq_robin
D:3:      kb_forest_paths, layout_loops_ring, okawaru_metal_pillars_1_2,
          lemuel_coloured_pillars_altar, chequers_ecumenical_altar_simple_redux

Skill      XL: |  1 |
---------------+----+-----
Dodging        | 2 |  2.1
Air Magic      | 3 |  3.2
Stealth        | |  1.7
Spellcasting   | |  2.0
Conjurations   | |  1.4

Action                   || total
-------------------------++-------
Melee: Dagger            ||     8
       Unarmed           ||     3
 Cast: Shock             ||    30
  Use: Potion            ||     1
 Stab: Sleeping          ||     1
Armor: Skin              ||     1
Dodge: Dodged            ||     4

Table legend: (Time is in decaauts)
 A = Elapsed time spent in this place.
 B = Non-inter-level travel time spent in this place.
 C = Inter-level travel time spent in this place.
 D = Time resting spent in this place.
 E = Time spent auto-exploring this place.
 F = Levels seen in this place.
 G = Mean time per level.
                   A        B        C        D        E       F      G
               +--------+--------+--------+--------+--------+-----+--------+
         Total |    898 |    881 |     17 |    299 |    491 |   3 |  299.3 |
       Dungeon |    898 |    881 |     17 |    299 |    491 |   3 |  299.3 |
               +--------+--------+--------+--------+--------+-----+--------+

Top non-repeatable levels by time:
     D:1: 440 daAuts
     D:3: 383 daAuts
     D:2: 73 daAuts
